 Dungeon Crawl Stone Soup version 0.29.0-4-gdea44cf6ec (webtiles) character file.

Game seed: 10604257128628132529

147107 qw the Warrior (level 16, -10/157 (160) HPs)
             Began as a Minotaur Berserker on Sept 4, 2022.
             Was an Elder of Trog.
             Mangled by a pharaoh ant (20 damage)
             ... on level 3 of the Spider Nest.
             The game lasted 00:12:20 (32753 turns).

qw the Warrior (Minotaur Berserker)                Turns: 32753, Time: 00:12:20

HP:   -10/157 (160) AC: 34    Str: 29    XL:     16   Next: 91%
MP:   5/5           EV:  6    Int:  9    God:    Trog [****..]
Gold: 619           SH:  0    Dex: 15    Spells: 15/15 levels left

rFire   . . .      SeeInvis .   v - +6 broad axe (antimagic)
rCold   + . .      Faith    .   l - +0 kite shield
rNeg    . . .      Spirit   .   c - +10 plate armour "Hinub" {Fly Dex+4}
rPois   +          Reflect  +   s - +2 hat {Stlth+}
rElec   +          Harm     .   w - +0 cloak
rCorr   .          Rampage  .   (no gloves)
Will    +....                   d - +1 pair of boots
Stlth   ..........              k - amulet of reflection
HPRegen 0.36/turn               C - ring of Jadeg {rElec rPois Int+5}
MPRegen 0.09/turn               g - ring of protection from cold

@: lethally poisoned (-10 -> -38), about to teleport, on berserk cooldown,
flying, held, slowed, lightly drained, very slow
A: horns 2, retaliatory headbutt
a: Renounce Religion, Berserk, Trog's Hand, Brothers in Arms


You were on level 3 of the Spider Nest.
You worshipped Trog.
Trog was greatly pleased with you.
You visited 4 branches of the dungeon, and saw 25 of its levels.

You collected 2896 gold pieces.
You spent 2277 gold pieces at shops.


Innate Abilities, Weirdness & Mutations

You have a pair of horns on your head.
You reflexively headbutt those who attack you in melee.


   Skills:
 + Level 19.2 Fighting
 - Level 18.0 Axes
 - Level 4.1 Throwing
 - Level 17.0 Armour
 - Level 10.1 Dodging
 - Level 17.0 Shields


You had 15 spell levels left.
You didn't know any spells.
Your spell library was empty.

Inventory:

Hand Weapons
 r - a +0 broad axe of flaming
 v - a +6 antimagic broad axe (weapon)
Missiles
 j - 6 boomerangs (quivered)
Armour
 c - the +10 plate armour "Hinub" (worn) {Fly Dex+4}
   (You acquired it on level 2 of the Dungeon)

   Dex:       It affects your dexterity (+4).
   Fly:       It grants you flight.
 d - a +1 pair of boots (worn)
 l - a +0 kite shield (worn)
 s - a +2 hat of stealth (worn)
 w - a +0 cloak (worn)
Jewellery
 g - a ring of protection from cold (right hand)
 h - a ring of fire
 i - a ring of poison resistance
 k - an amulet of reflection (around neck)
 t - a ring of resist corrosion
 x - a ring of willpower
 y - a +6 ring of dexterity
 z - the amulet "Qishroose" {Spirit Fragile +Inv rPois Stlth+}
   (You bought it in a shop on level 2 of the Orcish Mines)

   [amulet of guardian spirit]

   It causes incoming damage to be divided between your reserves of health and
   magic.
   rPois:     It protects you from poison.
   +Inv:      It lets you turn invisible.
   Fragile:   It will be destroyed if unequipped.
   Stlth:     It makes you more stealthy.
 B - a ring of positive energy
 C - the ring of Jadeg (left hand) {rElec rPois Int+5}
   (You bought it in a shop on level 2 of the Orcish Mines)

   [ring of poison resistance]

   Int:       It affects your intelligence (+5).
   rElec:     It insulates you from electricity.
   rPois:     It protects you from poison.
 Y - a ring of protection from cold
Scrolls
 b - 11 scrolls of identify
 p - 5 scrolls of teleportation
Potions
 e - 11 potions of curing
 f - 2 potions of heal wounds
 m - 5 potions of mutation
 n - 5 potions of haste
 o - 4 potions of resistance
 q - 4 potions of might
 u - 2 potions of cancellation

Dungeon Overview and Level Annotations

Branches:
Dungeon (15/15)            Temple (0/1) D:6            Lair (5/5) D:8
  Swamp (0/4) Lair:2       Spider (3/4) Lair:3        Slime (0/5) Lair:4
    Orc (2/2) D:11            Elf (0/3) Orc:2        Vaults (0/5) D:13
 Depths (0/4) D:15

Altars:
Ashenzari
Cheibriados
Fedhas
Hepliaklqana
Qazlal
Sif Muna
Trog
Uskayaw
Vehumet
Wu Jian
Yredelemnul
Jiyva

Shops:
D:4 (   D:13 ?   D:15 *   Orc:2 **=

Annotations:
Lair:3 3 runed translucent doors, qw's ghost, journeyman TrCA
Lair:4 2 runed translucent doors, qw's ghost, journeyman TrCA


Message History

You block the wolf spider's attack.
The wolf spider bites you but does no damage.
The wolf spider hits you but does no damage.
The wolf spider barely misses you. The jumping spider pounces on you.
You are caught in a web!
The jumping spider bites you but does no damage.
The wolf spider hits you but does no damage.
The wolf spider bites you but does no damage.
The pharaoh ant bites you!!
You struggle to detach yourself from the web.
You feel very sick.
Your ogre closely misses the jumping spider.
The wolf spider hits you but does no damage.
The wolf spider bites you but does no damage.
The jumping spider leaps!
The wolf spider hits you but does no damage.
The wolf spider bites you.
You are lethally poisoned!
The wolf spider poisons you!
The pharaoh ant bites you but does no damage.
Your ogre closely misses the wolf spider.
The wolf spider hits you!
The wolf spider bites you but does no damage.
The wolf spider barely misses you.
The wolf spider bites you but does no damage.
The jumping spider leaps!
The pharaoh ant bites you but does no damage.
32753 ||| READING 6 scrolls of teleportation.
As you read the scroll of teleportation, it crumbles to dust.
You feel strangely unstable.
You feel extremely sick.
The wolf spider hits you but does no damage.
The wolf spider closely misses you.
The redback bites you but does no damage.
The wolf spider hits you but does no damage.
The wolf spider barely misses you. The wolf spider hits you.
The wolf spider bites you but does no damage.
Your ogre completely misses the wolf spider.
The pharaoh ant bites you!!
You die...

.. #...~#......%..........
...^...#..^.^.....^.......
......^.^.....^...%.~~##..
.^.^...#...........#~..#
..^#######.^...^####.!..#
^.# ##......^^....#~.
##...s..0.^.....
#..ssB.........
#..O@..........
#..ss........
#..........^.
#.....$....#.
......s......#
.......^.^....#
...............~
..............##
..(.........^^


You could see 3 wolf spiders, a pharaoh ant, a jumping spider (ally target), 2
redbacks and a friendly ogre (summoned, berserk).

Vanquished Creatures
  Frances (Spider:1)
  Gastronok (Lair:1)
  3 emperor scorpions
  An orc warlord (Orc:2)
  4 ghost moths
  2 broodmothers (Spider:1)
  A dire elephant (D:15)
  2 spark wasps (Spider:1)
  A vault guard (D:13)
  A fire dragon (D:15)
  8 hydras
  Harold (D:10)
  5 boulder beetles
  A radroach (Spider:1)
  4 catoblepae
  5 ogre magi
  4 centaur warriors
  19 two-headed ogres
  Erica (Lair:2)
  2 jorogumos (Spider:1)
  9 death yaks
  7 hell knights (D:10)
  An orc high priest (Orc:2)
  A sun moth (Spider:2)
  6 pharaoh ants
  2 steelbarb worms
  2 orb spiders (Spider:2)
  Pikel (D:6)
  An orc knight (Orc:1)
  3 wizards
  2 necromancers (D:10)
  A deep elf pyromancer (D:13)
  4 manticores
  3 ugly things (D:15)
  3 orc sorcerers
  2 moths of wrath
  13 wolf spiders
  3 cyclopes
  A salamander (D:15)
  10 black mambas
  4 torpor snails (Lair:2)
  8 elephants
  Maurice (D:12)
  A guardian serpent (Lair:5)
  An eye of devastation (Lair:4)
  13 cane toads
  Maggie (D:8)
  An unseen horror (D:12)
  3 kobold demonologists
  3 rime drakes
  10 komodo dragons
  3 yaktaurs (D:15)
  7 demonic crawlers
  A freezing wraith (D:15)
  2 efreet (D:13)
  6 trolls
  A meliai (Lair:3)
  4 polar bears
  20 tarantellas
  3 hornets (Lair:5)
  10 blink frogs
  Prince Ribbit (D:8)
  2 slime creatures (D:15)
  12 jumping spiders
  12 culicivoras
  2 shadows
  85 yaks
  A centaur simulacrum (D:15)
  A vampire (D:12)
  A wraith (D:13)
  11 wyverns
  6 basilisks
  24 redbacks
  3 steam dragons
  6 vampire mosquitoes
  A warg (Orc:2)
  2 swamp worms (Lair:2)
  3 acid dragons
  7 hell hounds (D:10)
  17 water moccasins
  A floating eye (Lair:4)
  A swamp drake (Lair:5)
  21 orc warriors
  2 ice beasts
  3 black bears
  32 ogres
  11 wolves
  8 centaurs
  5 kobold brigands
  4 lemures (D:6)
  A phantom (D:6)
  A scorpion (D:4)
  3 gnoll sergeants
  A necrophage (D:6)
  16 bullfrogs
  13 wights
  16 killer bees
  5 howler monkeys
  7 hounds
  2 jellies
  25 orc priests
  2 gnoll boudas
  8 iguanas
  Natasha (thrice) (D:2)
  11 orc wizards
  14 adders
  37 gnolls
  A shadow imp (D:8)
  12 white imps (D:13)
  2 ufetubi
  2 worms (D:2)
  3 dart slugs
  103 orcs
  3 bats (D:2)
  4 endoplasms
  7 giant cockroaches
  8 goblins
  6 hobgoblins
  22 jackals
  A quokka (D:1)
  5 ball pythons
  2 frilled lizards (D:1)
  20 kobolds
  2 rats
898 creatures vanquished.

Vanquished Creatures (collateral kills)
  An emperor scorpion (Spider:1)
  An entropy weaver (Spider:2)
  A fire dragon (Lair:5)
  2 boulder beetles
  2 hydras
  An orb spider (Spider:3)
  A swamp dragon (Lair:5)
  A tarantella (Spider:1)
  3 jumping spiders (Spider:3)
  A culicivora (Spider:1)
  A redback (Spider:2)
  A swamp drake (Lair:5)
  An orc warrior (D:9)
  A bullfrog (Lair:3)
  A gnoll sergeant (D:9)
  An orc wizard (D:9)
  An orc (Orc:2)
21 creatures vanquished.

Vanquished Creatures (others)
  A redback (Spider:2)
  3 bushes (Lair:2)
  49 fungi
  106 plants
  4 withered plants (Spider:3)
163 creatures vanquished.

Grand Total: 1082 creatures vanquished

Notes
Turn   | Place    | Note
-------+----------+-------------------------------------------
     0 | D:1      | qw the Minotaur Berserker began the quest for the Orb.
     0 | D:1      | Reached XP level 1. HP: 19/19 MP: 0/0
     0 | D:1      | 0 ||| qw: Version: 0.1-a-103-gd6f5d3a
     0 | D:1      | 0 ||| qw: Game counter: 5493
     0 | D:1      | 0 ||| qw: Always use a shield: true
     0 | D:1      | 0 ||| qw: Do Orc after D:15 true
     0 | D:1      | 0 ||| qw: Do second Lair branch before Depths: true
     0 | D:1      | 0 ||| qw: Lair rune preference: random
     0 | D:1      | 0 ||| qw: Plans: Normal
     0 | D:1      | 0 ||| PLANNING D:1-11
    45 | D:1      | 45 ||| Stepping ~*~*~tactically~*~*~ (stealth).
   120 | D:1      | 120 ||| Stepping ~*~*~tactically~*~*~ (stealth).
   187 | D:1      | 187 ||| Stepping ~*~*~tactically~*~*~ (stealth).
   207 | D:1      | Reached XP level 2. HP: 26/26 MP: 1/1
   222 | D:1      | 222 ||| Stepping ~*~*~tactically~*~*~ (stealth).
   225 | D:1      | 225 ||| Stepping ~*~*~tactically~*~*~ (stealth).
   227 | D:1      | 227 ||| Stepping ~*~*~tactically~*~*~ (stealth).
   229 | D:1      | 229 ||| Stepping ~*~*~tactically~*~*~ (stealth).
   230 | D:1      | 230 ||| Stepping ~*~*~tactically~*~*~ (stealth).
   325 | D:1      | 325 ||| Stepping ~*~*~tactically~*~*~ (stealth).
   504 | D:1      | 504 ||| Stepping ~*~*~tactically~*~*~ (stealth).
   516 | D:1      | 516 ||| Stepping ~*~*~tactically~*~*~ (stealth).
   720 | D:1      | 720 ||| Stepping ~*~*~tactically~*~*~ (stealth).
   832 | D:1      | 832 ||| UPGRADING to +0 ring mail.
   842 | D:1      | 842 ||| DROPPING +0 animal skin.
   843 | D:1      | 843 ||| UPGRADING to +0 scale mail.
   853 | D:1      | 853 ||| DROPPING +0 ring mail.
   854 | D:1      | 854 ||| UPGRADING to ring of resist corrosion.
   855 | D:1      | 855 ||| READING scroll labelled FAUDWE YPTU.
   856 | D:1      | 856 ||| READING scroll labelled ISCHIXTICKA.
   857 | D:1      | 857 ||| READING 2 scrolls labelled EDUMME CAIBB.
   858 | D:1      | 858 ||| DRINKING 3 blue potions.
   859 | D:1      | 859 ||| DROPPING 2 potions of brilliance.
   860 | D:1      | 860 ||| DROPPING scroll of magic mapping.
  1094 | D:2      | Reached ** piety under Trog
  1095 | D:2      | Reached XP level 3. HP: 31/31 MP: 2/2
  1113 | D:2      | 1113 ||| INVOKING Berserk.
  1417 | D:2      | 1417 ||| INVOKING Berserk.
  1644 | D:2      | 1644 ||| Stepping ~*~*~tactically~*~*~ (water).
  1721 | D:2      | Reached XP level 4. HP: 39/39 MP: 3/3
  1807 | D:2      | Noticed Natasha
  1810 | D:2      | 1810 ||| INVOKING Berserk.
  1813 | D:2      | Killed Natasha
  1814 | D:2      | Reached skill level 6 in Axes
  1917 | D:2      | Noticed Natasha
  1921 | D:2      | 1921 ||| INVOKING Berserk.
  1922 | D:2      | Killed Natasha
  2055 | D:2      | Noticed Natasha
  2058 | D:2      | 2058 ||| INVOKING Berserk.
  2060 | D:2      | Killed Natasha
  2061 | D:2      | Reached XP level 5. HP: 45/45 MP: 4/4
  2299 | D:2      | 2299 ||| UPGRADING to quicksilver dragon scales.
  2309 | D:2      | 2309 ||| DROPPING +0 scale mail.
  2310 | D:2      | 2310 ||| DROPPING amulet of faith.
  2311 | D:2      | 2311 ||| READING scroll labelled CAS FAQADWU.
  2312 | D:2      | 2312 ||| READING scroll labelled ZYECKY LUGEYN.
  2312 | D:2      | Identified a scroll of acquirement
  2312 | D:2      | 2312 ||| ACQUIRING +10 plate armour "Hinub" {Fly Dex+4}
  2312 | D:2      | Acquired the +10 plate armour "Hinub" {Fly Dex+4}
  2314 | D:2      | 2314 ||| UPGRADING to +10 plate armour "Hinub" {Fly Dex+4}.
  2324 | D:2      | 2324 ||| DROPPING quicksilver dragon scales.
  2325 | D:2      | 2325 ||| READING scroll labelled JOSUIL ESHINES.
  2330 | D:2      | 2330 ||| READING scroll labelled HEMI NAAPIPH.
  2331 | D:2      | 2331 ||| DRINKING 3 dark potions.
  2332 | D:2      | 2332 ||| DRINKING 2 golden potions.
  2333 | D:2      | 2333 ||| DRINKING 2 cyan potions.
  2364 | D:2      | 2364 ||| READING 2 scrolls of identify.
  2364 | D:2      | 2364 ||| IDENTIFYING gluggy clear potion
  2365 | D:2      | 2365 ||| DROPPING 2 potions of flight.
  2366 | D:2      | 2366 ||| DROPPING potion of lignification.
  2620 | D:3      | You are sucked into a shaft and drop 3 floors!
  2621 | D:6      | 2621 ||| READING scroll labelled PUBBI HOSAOLY.
  2627 | D:5      | Entered Level 5 of the Dungeon
  2628 | D:5      | 2628 ||| PLANNING SEWER
  2631 | D:5      | Found a basalt altar of Yredelemnul.
  2633 | D:5      | Found a stormy altar of Qazlal.
  2662 | D:5      | Reached skill level 3 in Armour
  2664 | D:5      | 2664 ||| INVOKING Berserk.
  2669 | D:5      | Reached skill level 4 in Fighting
  2680 | D:5      | HP: 7/46 [orc priest/divine providence (13)]
  2681 | D:5      | 2681 ||| DRINKING 2 potions of heal wounds.
  2793 | D:5      | 2793 ||| DROPPING +2 mace of protection.
  2794 | D:5      | 2794 ||| DROPPING +0 mace.
  2872 | D:5      | Found a shimmering blue altar of Sif Muna.
  2877 | D:5      | 2877 ||| INVOKING Berserk.
  2880 | D:5      | Reached XP level 6. HP: 52/52 MP: 5/5
  2891 | D:5      | HP: 12/49 [wight/+5 great sword of freezing (1)]
  2892 | D:5      | 2892 ||| DRINKING potion of heal wounds.
  3014 | D:5      | Reached skill level 9 in Axes
  3035 | D:5      | Reached XP level 7. HP: 51/60 MP: 6/6
  3114 | D:5      | 3114 ||| DROPPING +0 flail.
  3156 | D:5      | 3156 ||| Stepping ~*~*~tactically~*~*~ (stealth).
  3178 | D:5      | Reached skill level 5 in Fighting
  3317 | D:5      | 3317 ||| INVOKING Berserk.
  3337 | D:5      | 3337 ||| FLEEEEING.
  3340 | D:5      | 3340 ||| STAIRDANCE
  3442 | D:4      | 3442 ||| UPGRADING to ring of protection from cold.
  3443 | D:4      | 3443 ||| READING scroll labelled ELYLIG BATS.
  3444 | D:4      | 3444 ||| READING scroll labelled TIOCSUS KOXAOL.
  3586 | D:5      | 3586 ||| RIP SEWER
  3587 | D:5      | 3587 ||| PLANNING D:1-11
  3593 | D:3      | Found a faded altar of an unknown god.
  3674 | D:3      | Found a blossoming altar of Fedhas.
  4084 | D:4      | 4084 ||| STAIRDANCE
  4094 | D:4      | 4094 ||| STAIRDANCE
  4260 | D:4      | Reached *** piety under Trog
  4388 | D:4      | 4388 ||| INVOKING Berserk.
  4589 | D:4      | 4589 ||| Stepping ~*~*~tactically~*~*~ (hiding).
  4590 | D:4      | 4590 ||| Stepping ~*~*~tactically~*~*~ (hiding).
  4595 | D:4      | Reached XP level 8. HP: 69/69 MP: 7/7
  4605 | D:4      | 4605 ||| Stepping ~*~*~tactically~*~*~ (stealth).
  4632 | D:4      | 4632 ||| Stepping ~*~*~tactically~*~*~ (stealth).
  4634 | D:4      | 4634 ||| Stepping ~*~*~tactically~*~*~ (stealth).
  4636 | D:4      | 4636 ||| Stepping ~*~*~tactically~*~*~ (stealth).
  4640 | D:4      | 4640 ||| Stepping ~*~*~tactically~*~*~ (stealth).
  4701 | D:4      | Found Taacry's Weapon Emporium.
  4708 | D:4      | 4708 ||| SHOPLISTING +8 whip "Ushoshryo" {spect, rPois
                  | rC+++ Will- Stlth+} (1274 gold, have 308).
  4857 | D:4      | 4857 ||| DROPPING scarf of invisibility.
  4858 | D:4      | 4858 ||| READING scroll labelled XOFAGY DISACW.
  4859 | D:4      | 4859 ||| READING scroll labelled IXKADA KEHEITT.
  4860 | D:4      | 4860 ||| READING 4 scrolls of identify.
  4860 | D:4      | 4860 ||| IDENTIFYING amethyst potion
  4861 | D:4      | 4861 ||| DROPPING potion of magic.
  4862 | D:4      | 4862 ||| READING 2 scrolls of teleportation.
  5041 | D:4      | Reached skill level 6 in Fighting
  5062 | D:4      | 5062 ||| Stepping ~*~*~tactically~*~*~ (stealth).
  5084 | D:4      | 5084 ||| UPGRADING to amulet of reflection.
  5089 | D:4      | 5089 ||| READING 4 scrolls of identify.
  5089 | D:4      | 5089 ||| IDENTIFYING metallic orange potion
  5090 | D:4      | 5090 ||| DROPPING potion of degeneration.
  5197 | D:3      | 5197 ||| READING scroll of teleportation.
  5331 | D:5      | 5331 ||| INVOKING Berserk.
  5540 | D:5      | 5540 ||| Stepping ~*~*~tactically~*~*~ (stealth).
  5568 | D:5      | 5568 ||| SWAPPING to +0 war axe.
  5584 | D:5      | 5584 ||| DROPPING +0 hand axe.
  5595 | D:5      | Reached **** piety under Trog
  5615 | D:5      | 5615 ||| INVOKING Berserk.
  6253 | D:5      | 6253 ||| UPGRADING to +0 kite shield.
  6258 | D:5      | 6258 ||| READING scroll labelled QESIZXEORU.
  6259 | D:5      | 6259 ||| READING scroll labelled ONETTYAFUD.
  6260 | D:5      | 6260 ||| READING 5 scrolls of identify.
  6260 | D:5      | 6260 ||| IDENTIFYING black potion
  6313 | D:6      | Reached skill level 1 in Shields
  6330 | D:6      | Found an ornate altar of the Wu Jian Council.
  6505 | D:6      | 6505 ||| Stepping ~*~*~tactically~*~*~ (stealth).
  6506 | D:6      | 6506 ||| Stepping ~*~*~tactically~*~*~ (stealth).
  6511 | D:6      | 6511 ||| Stepping ~*~*~tactically~*~*~ (stealth).
  6588 | D:6      | Reached skill level 3 in Shields
  6700 | D:6      | 6700 ||| Stepping ~*~*~tactically~*~*~ (stealth).
  6701 | D:6      | 6701 ||| Stepping ~*~*~tactically~*~*~ (stealth).
  6703 | D:6      | 6703 ||| Stepping ~*~*~tactically~*~*~ (stealth).
  6705 | D:6      | 6705 ||| Stepping ~*~*~tactically~*~*~ (stealth).
  6724 | D:6      | Reached XP level 9. HP: 78/78 MP: 8/8
  6780 | D:6      | 6780 ||| Stepping ~*~*~tactically~*~*~ (stealth).
  6792 | D:6      | Noticed Pikel
  6795 | D:6      | 6795 ||| INVOKING Berserk.
  6803 | D:6      | Killed Pikel
  6804 | D:6      | Reached skill level 6 in Shields
  6954 | D:6      | Found a staircase to the Ecumenical Temple.
  7110 | D:6      | Found a bloodstained altar of Trog.
  7113 | D:6      | 7113 ||| INVOKING Berserk.
  7256 | D:6      | 7256 ||| DROPPING ring of magical power.
  7257 | D:6      | 7257 ||| READING scroll labelled WOS GUOT OLU.
  7358 | D:6      | 7358 ||| READING 5 scrolls of identify.
  7358 | D:6      | 7358 ||| IDENTIFYING grey potion
  7359 | D:6      | 7359 ||| READING 4 scrolls of identify.
  7359 | D:6      | 7359 ||| IDENTIFYING silvery potion
  7360 | D:6      | 7360 ||| READING 3 scrolls of identify.
  7360 | D:6      | 7360 ||| IDENTIFYING fuming blue potion
  7361 | D:6      | 7361 ||| DROPPING potion of berserk rage.
  7362 | D:6      | 7362 ||| DROPPING potion of invisibility.
  7536 | D:7      | 7536 ||| DROPPING +5 morningstar.
  7542 | D:7      | 7542 ||| Stepping ~*~*~tactically~*~*~ (hiding).
  7556 | D:7      | 7556 ||| Stepping ~*~*~tactically~*~*~ (stealth).
  7563 | D:7      | Reached skill level 12 in Axes
  7632 | D:7      | 7632 ||| INVOKING Berserk.
  7786 | D:7      | Reached skill level 7 in Fighting
  8024 | D:7      | Reached skill level 3 in Dodging
  8422 | D:7      | 8422 ||| Stepping ~*~*~tactically~*~*~ (hiding).
  8427 | D:7      | 8427 ||| Stepping ~*~*~tactically~*~*~ (hiding).
  8445 | D:7      | 8445 ||| Stepping ~*~*~tactically~*~*~ (hiding).
  8449 | D:7      | Reached skill level 9 in Shields
  8572 | D:7      | 8572 ||| UPGRADING to +0 pair of boots.
  8577 | D:7      | 8577 ||| READING 4 scrolls of identify.
  8577 | D:7      | 8577 ||| IDENTIFYING red potion
  8578 | D:7      | 8578 ||| READING 3 scrolls of identify.
  8578 | D:7      | 8578 ||| IDENTIFYING pink potion
  8609 | D:8      | Noticed Maggie
  8610 | D:8      | 8610 ||| STAIRDANCE
  8617 | D:8      | 8617 ||| STAIRDANCE
  8619 | D:7      | 8619 ||| INVOKING Berserk.
  8822 | D:8      | 8822 ||| STAIRDANCE
  8947 | D:8      | 8947 ||| INVOKING Berserk.
  8952 | D:8      | Killed Maggie
  8953 | D:8      | Reached skill level 6 in Armour
  8953 | D:8      | Reached XP level 10. HP: 86/86 MP: 9/9
  9130 | D:8      | 9130 ||| Stepping ~*~*~tactically~*~*~ (hiding).
  9133 | D:8      | 9133 ||| Stepping ~*~*~tactically~*~*~ (hiding).
  9139 | D:8      | 9139 ||| INVOKING Berserk.
  9161 | D:8      | Reached ***** piety under Trog
  9383 | D:8      | Found a staircase to the Lair.
  9638 | D:8      | Noticed Prince Ribbit
  9639 | D:8      | 9639 ||| Stepping ~*~*~tactically~*~*~ (stealth).
  9645 | D:8      | Killed Prince Ribbit
  9646 | D:8      | 9646 ||| Stepping ~*~*~tactically~*~*~ (hiding).
  9648 | D:8      | 9648 ||| Stepping ~*~*~tactically~*~*~ (hiding).
  9649 | D:8      | 9649 ||| Stepping ~*~*~tactically~*~*~ (hiding).
  9652 | D:8      | Reached skill level 8 in Fighting
  9697 | D:8      | 9697 ||| Stepping ~*~*~tactically~*~*~ (stealth).
  9698 | D:8      | 9698 ||| Stepping ~*~*~tactically~*~*~ (stealth).
  9737 | D:8      | Found a hide-covered altar of Uskayaw.
  9861 | D:8      | 9861 ||| PLANNING LAIR
  9861 | D:8      | 9861 ||| READING scroll labelled QOIMAT DIUGUX.
  9891 | Lair:1   | Entered Level 1 of the Lair of Beasts
  9981 | Lair:1   | Noticed a cane toad
  9982 | Lair:1   | 9982 ||| INVOKING Berserk.
  9983 | Lair:1   | Killed a cane toad
 10100 | Lair:1   | Noticed a cane toad
 10101 | Lair:1   | 10101 ||| INVOKING Berserk.
 10103 | Lair:1   | Killed a cane toad
 10307 | Lair:1   | Noticed an elephant
 10322 | Lair:1   | Killed an elephant
 10439 | Lair:1   | You are sucked into a shaft and drop 1 floor!
 10457 | Lair:2   | 10457 ||| INVOKING Berserk.
 10573 | Lair:2   | 10573 ||| Stepping ~*~*~tactically~*~*~ (stealth).
 10576 | Lair:2   | 10576 ||| Stepping ~*~*~tactically~*~*~ (stealth).
 10577 | Lair:2   | 10577 ||| INVOKING Berserk.
 10580 | Lair:2   | Reached XP level 11. HP: 94/94 MP: 10/10
 10585 | Lair:2   | 10585 ||| INVOKING Brothers in Arms.
 10707 | Lair:1   | 10707 ||| Stepping ~*~*~tactically~*~*~ (stealth).
 10768 | Lair:1   | 10768 ||| INVOKING Berserk.
 11057 | Lair:1   | Reached skill level 15 in Axes
 11070 | Lair:1   | Reached skill level 9 in Fighting
 11365 | Lair:1   | Noticed Gastronok
 11366 | Lair:1   | 11366 ||| Stepping ~*~*~tactically~*~*~ (hiding).
 11374 | Lair:1   | 11374 ||| INVOKING Berserk.
 11383 | Lair:1   | Killed Gastronok
 11618 | Lair:1   | 11618 ||| UPGRADING to +1 hat of stealth.
 11664 | Lair:2   | 11664 ||| FLEEEEING.
 11665 | Lair:2   | 11665 ||| FLEEEEING.
 11666 | Lair:2   | 11666 ||| FLEEEEING.
 11671 | Lair:2   | 11671 ||| Stepping ~*~*~tactically~*~*~ (stealth).
 11676 | Lair:2   | 11676 ||| INVOKING Berserk.
 11725 | Lair:2   | 11725 ||| Stepping ~*~*~tactically~*~*~ (stealth).
 11731 | Lair:2   | 11731 ||| INVOKING Berserk.
 11854 | Lair:2   | 11854 ||| Stepping ~*~*~tactically~*~*~ (hiding).
 11858 | Lair:2   | 11858 ||| INVOKING Berserk.
 11972 | Lair:2   | Noticed an eight-headed hydra
 11973 | Lair:2   | 11973 ||| INVOKING Brothers in Arms.
 11974 | Lair:2   | 11974 ||| INVOKING Brothers in Arms.
 11975 | Lair:2   | 11975 ||| SWAPPING to +6 morningstar.
 11976 | Lair:2   | 11976 ||| INVOKING Berserk.
 11978 | Lair:2   | Killed an eight-headed hydra
 11983 | Lair:2   | 11983 ||| SWAPPING to +1 war axe.
 12136 | Lair:2   | 12136 ||| INVOKING Berserk.
 12336 | Lair:2   | Noticed a four-headed hydra
 12337 | Lair:2   | 12337 ||| INVOKING Brothers in Arms.
 12338 | Lair:2   | 12338 ||| SWAPPING to +6 morningstar.
 12339 | Lair:2   | 12339 ||| INVOKING Berserk.
 12342 | Lair:2   | Killed a four-headed hydra
 12348 | Lair:2   | 12348 ||| SWAPPING to +1 war axe.
 12391 | Lair:2   | Found a snail-covered altar of Cheibriados.
 12422 | Lair:2   | 12422 ||| FLEEEEING.
 12423 | Lair:2   | 12423 ||| FLEEEEING.
 12424 | Lair:2   | 12424 ||| FLEEEEING.
 12425 | Lair:2   | 12425 ||| FLEEEEING.
 12426 | Lair:2   | 12426 ||| FLEEEEING.
 12427 | Lair:2   | 12427 ||| FLEEEEING.
 12428 | Lair:2   | 12428 ||| FLEEEEING.
 12429 | Lair:2   | 12429 ||| FLEEEEING.
 12430 | Lair:2   | 12430 ||| FLEEEEING.
 12432 | Lair:2   | 12432 ||| INVOKING Berserk.
 12440 | Lair:2   | 12440 ||| STAIRDANCE
 12542 | Lair:1   | 12542 ||| DROPPING ring of ice.
 12543 | Lair:1   | 12543 ||| UPGRADING to ring of protection from cold.
 12612 | Lair:2   | 12612 ||| INVOKING Berserk.
 12616 | Lair:2   | Reached skill level 10 in Fighting
 12742 | Lair:2   | 12742 ||| INVOKING Berserk.
 12749 | Lair:2   | Reached XP level 12. HP: 106/106 MP: 11/11
 12846 | Lair:2   | 12846 ||| Stepping ~*~*~tactically~*~*~ (stealth).
 12906 | Lair:2   | 12906 ||| Stepping ~*~*~tactically~*~*~ (hiding).
 12915 | Lair:2   | 12915 ||| DRINKING potion of cancellation.
 12942 | Lair:2   | Noticed Erica
 12943 | Lair:2   | 12943 ||| DRINKING 4 potions of curing.
 12943 | Lair:2   | 12943 ||| (to cure confusion)
 12945 | Lair:2   | 12945 ||| INVOKING Berserk.
 12948 | Lair:2   | Killed Erica
 12949 | Lair:2   | Reached skill level 9 in Armour
 13165 | Lair:2   | 13165 ||| Stepping ~*~*~tactically~*~*~ (stealth).
 13182 | Lair:2   | Noticed a death yak
 13182 | Lair:2   | Noticed a death yak
 13184 | Lair:2   | Noticed a death yak
 13185 | Lair:2   | Noticed a death yak
 13186 | Lair:2   | Noticed a death yak
 13187 | Lair:2   | 13187 ||| INVOKING Berserk.
 13191 | Lair:2   | Killed a death yak
 13195 | Lair:2   | Killed a death yak
 13203 | Lair:2   | Killed a death yak
 13208 | Lair:2   | Killed a death yak
 13217 | Lair:2   | Killed a death yak
 13218 | Lair:2   | Reached skill level 11 in Fighting
 13507 | Lair:2   | Noticed a seven-headed hydra
 13508 | Lair:2   | 13508 ||| INVOKING Brothers in Arms.
 13509 | Lair:2   | 13509 ||| INVOKING Brothers in Arms.
 13510 | Lair:2   | 13510 ||| INVOKING Brothers in Arms.
 13511 | Lair:2   | 13511 ||| SWAPPING to +6 morningstar.
 13512 | Lair:2   | 13512 ||| INVOKING Berserk.
 13514 | Lair:2   | Killed a seven-headed hydra
 13527 | Lair:2   | 13527 ||| SWAPPING to +1 war axe.
 13629 | Lair:2   | Found a staircase to the Swamp.
 13685 | Lair:3   | Reached skill level 12 in Shields
 13759 | Lair:3   | 13759 ||| Stepping ~*~*~tactically~*~*~ (hiding).
 13761 | Lair:3   | 13761 ||| INVOKING Berserk.
 13892 | Lair:3   | Found a hole to the Spider Nest.
 13895 | Lair:3   | 13895 ||| INVOKING Berserk.
 14086 | Lair:3   | 14086 ||| Stepping ~*~*~tactically~*~*~ (hiding).
 14087 | Lair:3   | 14087 ||| SWAPPING to +0 broad axe.
 14099 | Lair:3   | 14099 ||| DROPPING +1 war axe.
 14115 | Lair:3   | 14115 ||| Stepping ~*~*~tactically~*~*~ (stealth).
 14124 | Lair:3   | 14124 ||| INVOKING Berserk.
 14293 | Lair:3   | 14293 ||| Stepping ~*~*~tactically~*~*~ (hiding).
 14333 | Lair:3   | 14333 ||| INVOKING Berserk.
 14464 | Lair:3   | 14464 ||| READING scroll of enchant armour.
 14464 | Lair:3   | 14464 ||| ENCHANTING +1 hat of stealth.
 14578 | Lair:3   | Noticed a seven-headed hydra
 14579 | Lair:3   | 14579 ||| INVOKING Brothers in Arms.
 14580 | Lair:3   | 14580 ||| INVOKING Brothers in Arms.
 14581 | Lair:3   | 14581 ||| SWAPPING to +6 morningstar.
 14583 | Lair:3   | 14583 ||| INVOKING Berserk.
 14584 | Lair:3   | Killed a seven-headed hydra
 14599 | Lair:3   | 14599 ||| SWAPPING to +0 broad axe.
 14709 | Lair:3   | Found a runed translucent gate.
 14709 | Lair:3   | Found a runed translucent gate.
 14709 | Lair:3   | Found a runed translucent gate.
 14710 | Lair:3   | Noticed qw's ghost (journeyman TrCA)
 14991 | Lair:3   | 14991 ||| DRINKING 2 puce potions.
 14992 | Lair:3   | 14992 ||| DRINKING 2 purple potions.
 15093 | Lair:3   | 15093 ||| READING 11 scrolls of identify.
 15093 | Lair:3   | 15093 ||| IDENTIFYING bubbling yellow potion
 15094 | Lair:3   | 15094 ||| DROPPING potion of attraction.
 15095 | Lair:3   | 15095 ||| DROPPING potion of ambrosia.
 15102 | Lair:4   | 15102 ||| STAIRDANCE
 15109 | Lair:4   | 15109 ||| STAIRDANCE
 15181 | Lair:4   | 15181 ||| STAIRDANCE
 15195 | Lair:3   | 15195 ||| INVOKING Berserk.
 15475 | Lair:4   | 15475 ||| STAIRDANCE
 15564 | Lair:4   | 15564 ||| READING scroll of enchant armour.
 15564 | Lair:4   | 15564 ||| ENCHANTING +0 pair of boots.
 15626 | Lair:4   | Noticed a death yak
 15631 | Lair:4   | 15631 ||| INVOKING Berserk.
 15636 | Lair:4   | Killed a death yak
 15637 | Lair:4   | Reached XP level 13. HP: 116/116 MP: 12/12
 15745 | Lair:4   | 15745 ||| Stepping ~*~*~tactically~*~*~ (stealth).
 15750 | Lair:4   | 15750 ||| INVOKING Berserk.
 15757 | Lair:4   | Reached skill level 18 in Axes
 15879 | Lair:4   | 15879 ||| Stepping ~*~*~tactically~*~*~ (stealth).
 15923 | Lair:4   | Reached skill level 12 in Fighting
 16009 | Lair:4   | 16009 ||| Stepping ~*~*~tactically~*~*~ (stealth).
 16010 | Lair:4   | 16010 ||| Stepping ~*~*~tactically~*~*~ (stealth).
 16018 | Lair:4   | 16018 ||| Stepping ~*~*~tactically~*~*~ (stealth).
 16019 | Lair:4   | 16019 ||| Stepping ~*~*~tactically~*~*~ (stealth).
 16097 | Lair:4   | 16097 ||| FLEEEEING.
 16098 | Lair:4   | 16098 ||| FLEEEEING.
 16099 | Lair:4   | 16099 ||| FLEEEEING.
 16114 | Lair:4   | 16114 ||| Stepping ~*~*~tactically~*~*~ (hiding).
 16117 | Lair:4   | 16117 ||| Stepping ~*~*~tactically~*~*~ (hiding).
 16294 | Lair:4   | Found a viscous altar of Jiyva.
 16294 | Lair:4   | Found a staircase to the Slime Pits.
 16328 | Lair:4   | Found a large runed translucent door.
 16328 | Lair:4   | Found a large runed translucent door.
 16330 | Lair:4   | Noticed qw's ghost (journeyman TrCA)
 16399 | Lair:4   | 16399 ||| INVOKING Brothers in Arms.
 16400 | Lair:4   | 16400 ||| INVOKING Brothers in Arms.
 16401 | Lair:4   | 16401 ||| INVOKING Brothers in Arms.
 16402 | Lair:4   | 16402 ||| INVOKING Brothers in Arms.
 16403 | Lair:4   | 16403 ||| SWAPPING to +6 morningstar.
 16404 | Lair:4   | 16404 ||| INVOKING Berserk.
 16422 | Lair:4   | 16422 ||| SWAPPING to +0 broad axe.
 16767 | Lair:4   | 16767 ||| UPGRADING to ring of poison resistance.
 16769 | Lair:4   | 16769 ||| READING scroll labelled UCAOJU QYFADWA.
 16770 | Lair:4   | 16770 ||| DROPPING +6 morningstar.
 16784 | Lair:5   | Entered Level 5 of the Lair of Beasts
 16784 | Lair:5   | Found a radiant altar of Vehumet.
 16792 | Lair:5   | Reached skill level 6 in Dodging
 16801 | Lair:5   | 16801 ||| INVOKING Berserk.
 16821 | Lair:5   | 16821 ||| Stepping ~*~*~tactically~*~*~ (cloud).
 16825 | Lair:5   | 16825 ||| Stepping ~*~*~tactically~*~*~ (cloud).
 16834 | Lair:5   | 16834 ||| Stepping ~*~*~tactically~*~*~ (cloud).
 16835 | Lair:5   | 16835 ||| Stepping ~*~*~tactically~*~*~ (cloud).
 16838 | Lair:5   | 16838 ||| Stepping ~*~*~tactically~*~*~ (cloud).
 16839 | Lair:5   | 16839 ||| Stepping ~*~*~tactically~*~*~ (cloud).
 16841 | Lair:5   | Reached skill level 13 in Fighting
 16878 | Lair:5   | 16878 ||| FLEEEEING.
 16887 | Lair:5   | 16887 ||| STAIRDANCE
 17093 | Lair:5   | 17093 ||| INVOKING Berserk.
 17105 | Lair:5   | 17105 ||| FLEEEEING.
 17107 | Lair:5   | 17107 ||| FLEEEEING.
 17118 | Lair:5   | 17118 ||| STAIRDANCE
 17272 | Lair:5   | 17272 ||| INVOKING Berserk.
 17295 | Lair:5   | HP: 14/123 [komodo dragon (21)]
 17296 | Lair:5   | 17296 ||| READING 5 scrolls of teleportation.
 17297 | Lair:5   | 17297 ||| DRINKING 2 potions of heal wounds.
 17301 | Lair:5   | HP: 29/123 [redback (11)]
 17302 | Lair:5   | 17302 ||| READING 4 scrolls of teleportation.
 17303 | Lair:5   | 17303 ||| DRINKING potion of heal wounds.
 17306 | Lair:5   | 17306 ||| Stepping ~*~*~tactically~*~*~ (stealth).
 17310 | Lair:5   | HP: 23/123 [wyvern (10)]
 17311 | Lair:5   | 17311 ||| READING 3 scrolls of teleportation.
 17311 | Lair:5   | HP: 4/123 [wolf spider (10)]
 17359 | Lair:5   | 17359 ||| Stepping ~*~*~tactically~*~*~ (stealth).
 17360 | Lair:5   | 17360 ||| Stepping ~*~*~tactically~*~*~ (stealth).
 17362 | Lair:5   | 17362 ||| Stepping ~*~*~tactically~*~*~ (stealth).
 17744 | Lair:5   | 17744 ||| INVOKING Berserk.
 17762 | Lair:5   | Reached skill level 14 in Fighting
 17925 | Lair:5   | 17925 ||| Stepping ~*~*~tactically~*~*~ (stealth).
 17998 | Lair:5   | Reached XP level 14. HP: 111/132 MP: 13/13
 18082 | Lair:5   | 18082 ||| Stepping ~*~*~tactically~*~*~ (stealth).
 18243 | Lair:5   | 18243 ||| Stepping ~*~*~tactically~*~*~ (stealth).
 18244 | Lair:5   | 18244 ||| Stepping ~*~*~tactically~*~*~ (stealth).
 18251 | Lair:5   | 18251 ||| Stepping ~*~*~tactically~*~*~ (stealth).
 18325 | Lair:5   | 18325 ||| Stepping ~*~*~tactically~*~*~ (stealth).
 18327 | Lair:5   | 18327 ||| Stepping ~*~*~tactically~*~*~ (stealth).
 18330 | Lair:5   | 18330 ||| Stepping ~*~*~tactically~*~*~ (stealth).
 18344 | Lair:5   | 18344 ||| Stepping ~*~*~tactically~*~*~ (stealth).
 18566 | Lair:5   | 18566 ||| INVOKING Berserk.
 18573 | Lair:5   | Reached skill level 12 in Armour
 18597 | Lair:5   | 18597 ||| Stepping ~*~*~tactically~*~*~ (stealth).
 18667 | Lair:5   | 18667 ||| Stepping ~*~*~tactically~*~*~ (stealth).
 18669 | Lair:5   | 18669 ||| Stepping ~*~*~tactically~*~*~ (hiding).
 18711 | Lair:5   | 18711 ||| Stepping ~*~*~tactically~*~*~ (stealth).
 18722 | Lair:5   | 18722 ||| Stepping ~*~*~tactically~*~*~ (stealth).
 18726 | Lair:5   | 18726 ||| INVOKING Brothers in Arms.
 18727 | Lair:5   | 18727 ||| INVOKING Brothers in Arms.
 18731 | Lair:5   | 18731 ||| INVOKING Berserk.
 19042 | Lair:5   | 19042 ||| PLANNING D:1-11
 19162 | D:9      | 19162 ||| Stepping ~*~*~tactically~*~*~ (stealth).
 19163 | D:9      | 19163 ||| Stepping ~*~*~tactically~*~*~ (stealth).
 19164 | D:9      | 19164 ||| Stepping ~*~*~tactically~*~*~ (stealth).
 19357 | D:9      | 19357 ||| Stepping ~*~*~tactically~*~*~ (hiding).
 19363 | D:9      | 19363 ||| INVOKING Brothers in Arms.
 19364 | D:9      | 19364 ||| INVOKING Berserk.
 19368 | D:9      | Reached skill level 15 in Fighting
 19886 | D:9      | Reached skill level 3 in Throwing
 20018 | D:9      | Found a hazy altar of Hepliaklqana.
 20078 | D:10     | Entered Level 10 of the Dungeon
 20169 | D:10     | 20169 ||| Stepping ~*~*~tactically~*~*~ (stealth).
 20206 | D:10     | 20206 ||| Stepping ~*~*~tactically~*~*~ (stealth).
 20304 | D:10     | 20304 ||| Stepping ~*~*~tactically~*~*~ (stealth).
 20306 | D:10     | 20306 ||| Stepping ~*~*~tactically~*~*~ (stealth).
 20308 | D:10     | 20308 ||| Stepping ~*~*~tactically~*~*~ (stealth).
 20310 | D:10     | 20310 ||| Stepping ~*~*~tactically~*~*~ (stealth).
 20387 | D:10     | Noticed Harold
 20396 | D:10     | Killed Harold
 20767 | D:10     | 20767 ||| Stepping ~*~*~tactically~*~*~ (hiding).
 20904 | D:10     | 20904 ||| Stepping ~*~*~tactically~*~*~ (hiding).
 20922 | D:10     | 20922 ||| INVOKING Berserk.
 20925 | D:10     | HP: 37/202 [hell knight/bolt of fire (22)]
 20938 | D:10     | 20938 ||| READING 4 scrolls of teleportation.
 20939 | D:10     | 20939 ||| DRINKING 3 potions of heal wounds.
 21279 | D:10     | Found a broken altar of Ashenzari.
 21355 | D:10     | 21355 ||| INVOKING Berserk.
 21357 | D:10     | HP: 50/202 [hell knight/bolt of fire (32)]
 21688 | D:10     | 21688 ||| INVOKING Berserk.
 22032 | D:11     | 22032 ||| INVOKING Brothers in Arms.
 22035 | D:11     | 22035 ||| INVOKING Berserk.
 22048 | D:11     | Received a gift from Trog
 22050 | D:11     | 22050 ||| SWAPPING to +4 antimagic broad axe.
 22055 | D:11     | Reached skill level 15 in Shields
 22219 | D:11     | 22219 ||| READING scroll of enchant weapon.
 22219 | D:11     | 22219 ||| ENCHANTING +4 antimagic broad axe.
 22444 | D:11     | 22444 ||| Stepping ~*~*~tactically~*~*~ (stealth).
 22445 | D:11     | 22445 ||| Stepping ~*~*~tactically~*~*~ (stealth).
 22447 | D:11     | Found a staircase to the Orcish Mines.
 22449 | D:11     | 22449 ||| Stepping ~*~*~tactically~*~*~ (hiding).
 22517 | D:11     | 22517 ||| Stepping ~*~*~tactically~*~*~ (stealth).
 22816 | D:11     | 22816 ||| PLANNING D
 22816 | D:11     | 22816 ||| DROPPING ring of flight.
 22878 | D:12     | 22878 ||| DRINKING 6 potions of curing.
 22878 | D:12     | 22878 ||| (to cure confusion)
 23122 | D:12     | 23122 ||| Stepping ~*~*~tactically~*~*~ (hiding).
 23237 | D:12     | 23237 ||| Stepping ~*~*~tactically~*~*~ (stealth).
 23279 | D:12     | 23279 ||| Stepping ~*~*~tactically~*~*~ (hiding).
 23281 | D:12     | 23281 ||| Stepping ~*~*~tactically~*~*~ (hiding).
 23441 | D:12     | Noticed Maurice
 23449 | D:12     | Killed Maurice
 23562 | D:12     | 23562 ||| UPGRADING to +0 cloak.
 23589 | D:13     | Found a frozen archway.
 23646 | D:13     | Found Yscheocwir's Magic Scroll Shop.
 23647 | D:13     | 23647 ||| Stepping ~*~*~tactically~*~*~ (hiding).
 23653 | D:13     | Reached XP level 15. HP: 143/143 MP: 4/14
 23656 | D:13     | Reached skill level 16 in Fighting
 23760 | D:13     | 23760 ||| BUYING scroll of teleportation (54 gold).
 23760 | D:13     | Bought a scroll of teleportation for 54 gold pieces
 23760 | D:13     | 23760 ||| BUYING scroll of teleportation (54 gold).
 23760 | D:13     | Bought a scroll of teleportation for 54 gold pieces
 23839 | D:13     | 23839 ||| Stepping ~*~*~tactically~*~*~ (hiding).
 24181 | D:13     | 24181 ||| Stepping ~*~*~tactically~*~*~ (hiding).
 24213 | D:13     | 24213 ||| Stepping ~*~*~tactically~*~*~ (cloud).
 24214 | D:13     | 24214 ||| Stepping ~*~*~tactically~*~*~ (cloud).
 24221 | D:13     | 24221 ||| Stepping ~*~*~tactically~*~*~ (cloud).
 24224 | D:13     | 24224 ||| Stepping ~*~*~tactically~*~*~ (cloud).
 24225 | D:13     | 24225 ||| Stepping ~*~*~tactically~*~*~ (cloud).
 24340 | D:13     | Found a gate to the Vaults.
 24341 | D:13     | 24341 ||| Stepping ~*~*~tactically~*~*~ (hiding).
 24725 | D:13     | 24725 ||| Stepping ~*~*~tactically~*~*~ (stealth).
 24853 | D:14     | 24853 ||| Stepping ~*~*~tactically~*~*~ (stealth).
 24854 | D:14     | 24854 ||| INVOKING Trog's Hand.
 24894 | D:14     | 24894 ||| Stepping ~*~*~tactically~*~*~ (stealth).
 25061 | D:14     | 25061 ||| DRINKING 2 potions of cancellation.
 25109 | D:14     | Identified the +3 falchion of Qaceruv {antimagic, *Corrode
                  | rPois rF+ Str+5}
 25206 | D:14     | 25206 ||| Stepping ~*~*~tactically~*~*~ (hiding).
 25209 | D:14     | 25209 ||| Stepping ~*~*~tactically~*~*~ (hiding).
 25350 | D:15     | Entered Level 15 of the Dungeon
 25356 | D:15     | 25356 ||| Stepping ~*~*~tactically~*~*~ (stealth).
 25396 | D:15     | 25396 ||| Stepping ~*~*~tactically~*~*~ (hiding).
 25397 | D:15     | 25397 ||| INVOKING Trog's Hand.
 25402 | D:15     | 25402 ||| Stepping ~*~*~tactically~*~*~ (hiding).
 25403 | D:15     | 25403 ||| Stepping ~*~*~tactically~*~*~ (hiding).
 25404 | D:15     | 25404 ||| Stepping ~*~*~tactically~*~*~ (hiding).
 25405 | D:15     | 25405 ||| Stepping ~*~*~tactically~*~*~ (hiding).
 25582 | D:15     | 25582 ||| Stepping ~*~*~tactically~*~*~ (stealth).
 25583 | D:15     | 25583 ||| INVOKING Brothers in Arms.
 25585 | D:15     | 25585 ||| SWAPPING to +0 broad axe of flaming.
 25596 | D:15     | 25596 ||| SWAPPING to +5 antimagic broad axe.
 25599 | D:15     | Reached skill level 17 in Fighting
 25800 | D:15     | 25800 ||| Stepping ~*~*~tactically~*~*~ (stealth).
 25804 | D:15     | 25804 ||| INVOKING Berserk.
 25973 | D:15     | 25973 ||| Stepping ~*~*~tactically~*~*~ (hiding).
 25973 | D:15     | Found a staircase to the Depths.
 25977 | D:15     | 25977 ||| INVOKING Berserk.
 25991 | D:15     | Reached skill level 9 in Dodging
 26130 | D:15     | 26130 ||| Stepping ~*~*~tactically~*~*~ (hiding).
 26131 | D:15     | 26131 ||| Stepping ~*~*~tactically~*~*~ (hiding).
 26132 | D:15     | 26132 ||| INVOKING Trog's Hand.
 26133 | D:15     | 26133 ||| INVOKING Berserk.
 26594 | D:15     | 26594 ||| READING scroll of enchant weapon.
 26594 | D:15     | 26594 ||| ENCHANTING +5 antimagic broad axe.
 26611 | D:15     | Found Fumabb's General Store.
 26623 | D:15     | 26623 ||| PLANNING ORC
 26623 | D:15     | 26623 ||| DROPPING scarf of shadows.
 26812 | Orc:1    | Entered Level 1 of the Orcish Mines
 26813 | Orc:1    | 26813 ||| INVOKING Trog's Hand.
 26817 | Orc:1    | 26817 ||| INVOKING Berserk.
 26934 | Orc:1    | 26934 ||| Stepping ~*~*~tactically~*~*~ (stealth).
 26938 | Orc:1    | 26938 ||| INVOKING Trog's Hand.
 26940 | Orc:1    | 26940 ||| Stepping ~*~*~tactically~*~*~ (hiding).
 26941 | Orc:1    | 26941 ||| Stepping ~*~*~tactically~*~*~ (hiding).
 26943 | Orc:1    | 26943 ||| Stepping ~*~*~tactically~*~*~ (hiding).
 26945 | Orc:1    | 26945 ||| INVOKING Berserk.
 27112 | Orc:1    | 27112 ||| INVOKING Berserk.
 27359 | Orc:2    | Entered Level 2 of the Orcish Mines
 27365 | Orc:2    | 27365 ||| Stepping ~*~*~tactically~*~*~ (stealth).
 27366 | Orc:2    | 27366 ||| Stepping ~*~*~tactically~*~*~ (stealth).
 27368 | Orc:2    | 27368 ||| Stepping ~*~*~tactically~*~*~ (stealth).
 27379 | Orc:2    | 27379 ||| Stepping ~*~*~tactically~*~*~ (hiding).
 27381 | Orc:2    | 27381 ||| Stepping ~*~*~tactically~*~*~ (hiding).
 27383 | Orc:2    | 27383 ||| Stepping ~*~*~tactically~*~*~ (hiding).
 27384 | Orc:2    | 27384 ||| Stepping ~*~*~tactically~*~*~ (stealth).
 27385 | Orc:2    | 27385 ||| Stepping ~*~*~tactically~*~*~ (hiding).
 27495 | Orc:2    | Reached skill level 15 in Armour
 27563 | Orc:2    | 27563 ||| INVOKING Berserk.
 27576 | Orc:2    | Noticed an orc warlord
 27594 | Orc:2    | Killed an orc warlord
 27598 | Orc:2    | Paralysed by an orc sorcerer for 3 turns
 27602 | Orc:2    | 27602 ||| INVOKING Trog's Hand.
 27603 | Orc:2    | 27603 ||| INVOKING Brothers in Arms.
 27603 | Orc:2    | HP: 27/143 [sun demon[an orc warlord] (16)]
 27604 | Orc:2    | 27604 ||| READING 6 scrolls of teleportation.
 27605 | Orc:2    | 27605 ||| DRINKING 2 potions of heal wounds.
 27742 | Orc:2    | Found a staircase to the Elven Halls.
 27764 | Orc:2    | 27764 ||| Stepping ~*~*~tactically~*~*~ (stealth).
 27766 | Orc:2    | 27766 ||| INVOKING Trog's Hand.
 27768 | Orc:2    | Found Mishun's Jewellery Shop.
 27769 | Orc:2    | 27769 ||| Stepping ~*~*~tactically~*~*~ (hiding).
 27770 | Orc:2    | 27770 ||| Stepping ~*~*~tactically~*~*~ (hiding).
 27774 | Orc:2    | Received a gift from Trog
 27780 | Orc:2    | 27780 ||| INVOKING Berserk.
 27799 | Orc:2    | Found Quotaiteinn's Distillery.
 27799 | Orc:2    | Found Caigeism's Assorted Antiques.
 27799 | Orc:2    | Found Dyemmepu's General Store.
 27950 | Orc:2    | 27950 ||| BUYING +6 ring of dexterity (396 gold).
 27950 | Orc:2    | Bought a +6 ring of dexterity for 396 gold pieces
 27950 | Orc:2    | 27950 ||| BUYING amulet "Qishroose" {Spirit Fragile +Inv
                  | rPois Stlth+} (499 gold).
 27950 | Orc:2    | Bought the amulet "Qishroose" {Spirit Fragile +Inv rPois
                  | Stlth+} for 499 gold pieces
 27950 | Orc:2    | 27950 ||| BUYING ring of poison resistance (220 gold).
 27950 | Orc:2    | Bought a ring of poison resistance for 220 gold pieces
 27950 | Orc:2    | 27950 ||| BUYING ring of positive energy (220 gold).
 27950 | Orc:2    | Bought a ring of positive energy for 220 gold pieces
 27951 | Orc:2    | 27951 ||| BUYING potion of cancellation (120 gold).
 27951 | Orc:2    | Bought a potion of cancellation for 120 gold pieces
 27951 | Orc:2    | 27951 ||| BUYING potion of curing (45 gold).
 27951 | Orc:2    | Bought a potion of curing for 45 gold pieces
 27951 | Orc:2    | 27951 ||| BUYING potion of curing (45 gold).
 27951 | Orc:2    | Bought a potion of curing for 45 gold pieces
 27951 | Orc:2    | 27951 ||| BUYING potion of curing (45 gold).
 27951 | Orc:2    | Bought a potion of curing for 45 gold pieces
 27951 | Orc:2    | 27951 ||| BUYING potion of curing (45 gold).
 27951 | Orc:2    | Bought a potion of curing for 45 gold pieces
 27951 | Orc:2    | 27951 ||| BUYING potion of curing (45 gold).
 27951 | Orc:2    | Bought a potion of curing for 45 gold pieces
 27951 | Orc:2    | 27951 ||| BUYING potion of haste (150 gold).
 27951 | Orc:2    | Bought a potion of haste for 150 gold pieces
 27951 | Orc:2    | 27951 ||| BUYING potion of heal wounds (75 gold).
 27951 | Orc:2    | Bought a potion of heal wounds for 75 gold pieces
 27952 | Orc:2    | 27952 ||| BUYING faintly glowing amber ring (200 gold).
 27952 | Orc:2    | Bought a faintly glowing amber ring for 200 gold pieces
 27952 | Orc:2    | Identified the ring of Jadeg {rElec rPois Int+5} (You
                  | bought it in a shop on level 2 of the Orcish Mines)
 27952 | Orc:2    | 27952 ||| SHOPLISTING potion of curing (120 gold, have 84).
 27953 | Orc:2    | 27953 ||| BUYING potion of might (64 gold).
 27953 | Orc:2    | Bought a potion of might for 64 gold pieces
 28122 | Orc:2    | 28122 ||| Stepping ~*~*~tactically~*~*~ (stealth).
 28137 | Orc:2    | 28137 ||| Stepping ~*~*~tactically~*~*~ (hiding).
 28139 | Orc:2    | 28139 ||| Stepping ~*~*~tactically~*~*~ (hiding).
 28141 | Orc:2    | 28141 ||| Stepping ~*~*~tactically~*~*~ (hiding).
 28145 | Orc:2    | 28145 ||| INVOKING Berserk.
 28153 | Orc:2    | Reached XP level 16. HP: 157/157 MP: 5/15
 28158 | Orc:2    | 28158 ||| Stepping ~*~*~tactically~*~*~ (stealth).
 28198 | Orc:2    | 28198 ||| Stepping ~*~*~tactically~*~*~ (stealth).
 28206 | Orc:2    | 28206 ||| Stepping ~*~*~tactically~*~*~ (stealth).
 28213 | Orc:2    | 28213 ||| Stepping ~*~*~tactically~*~*~ (hiding).
 28214 | Orc:2    | 28214 ||| Stepping ~*~*~tactically~*~*~ (hiding).
 28215 | Orc:2    | 28215 ||| Stepping ~*~*~tactically~*~*~ (hiding).
 28242 | Orc:2    | 28242 ||| Stepping ~*~*~tactically~*~*~ (hiding).
 28244 | Orc:2    | 28244 ||| Stepping ~*~*~tactically~*~*~ (hiding).
 28245 | Orc:2    | 28245 ||| INVOKING Trog's Hand.
 28247 | Orc:2    | 28247 ||| INVOKING Berserk.
 28403 | Orc:2    | 28403 ||| DROPPING ring of resist corrosion.
 28404 | Orc:2    | 28404 ||| DROPPING ring of poison resistance.
 28405 | Orc:2    | 28405 ||| UPGRADING to ring of Jadeg {rElec rPois Int+5}.
 28407 | Orc:2    | 28407 ||| REMOVING ring of poison resistance.
 28408 | Orc:2    | 28408 ||| UPGRADING to ring of protection from cold.
 28476 | Orc:1    | Reached skill level 18 in Fighting
 28690 | Orc:1    | 28690 ||| PLANNING SPIDER:1-3
 28896 | Spider:1 | Entered Level 1 of the Spider Nest
 28898 | Spider:1 | 28898 ||| Stepping ~*~*~tactically~*~*~ (stealth).
 28900 | Spider:1 | 28900 ||| Stepping randomly (disturbance).
 28978 | Spider:1 | 28978 ||| Stepping ~*~*~tactically~*~*~ (stealth).
 28979 | Spider:1 | 28979 ||| Stepping ~*~*~tactically~*~*~ (stealth).
 29135 | Spider:1 | 29135 ||| Stepping ~*~*~tactically~*~*~ (hiding).
 29155 | Spider:1 | 29155 ||| Stepping ~*~*~tactically~*~*~ (hiding).
 29203 | Spider:1 | 29203 ||| INVOKING Berserk.
 29328 | Spider:1 | 29328 ||| INVOKING Brothers in Arms.
 29331 | Spider:1 | 29331 ||| INVOKING Berserk.
 29365 | Spider:1 | 29365 ||| Stepping ~*~*~tactically~*~*~ (stealth).
 29386 | Spider:1 | 29386 ||| Stepping ~*~*~tactically~*~*~ (stealth).
 29387 | Spider:1 | 29387 ||| Stepping ~*~*~tactically~*~*~ (stealth).
 29392 | Spider:1 | 29392 ||| Stepping ~*~*~tactically~*~*~ (stealth).
 29394 | Spider:1 | 29394 ||| INVOKING Berserk.
 29706 | Spider:1 | 29706 ||| INVOKING Berserk.
 29742 | Spider:1 | 29742 ||| Stepping ~*~*~tactically~*~*~ (stealth).
 29771 | Spider:1 | 29771 ||| INVOKING Brothers in Arms.
 29772 | Spider:1 | 29772 ||| INVOKING Brothers in Arms.
 29776 | Spider:1 | 29776 ||| INVOKING Berserk.
 30070 | Spider:1 | Noticed Frances
 30071 | Spider:1 | 30071 ||| INVOKING Berserk.
 30079 | Spider:1 | Killed Frances
 30332 | Spider:1 | 30332 ||| Stepping ~*~*~tactically~*~*~ (stealth).
 31214 | Spider:2 | 31214 ||| Stepping ~*~*~tactically~*~*~ (hiding).
 31246 | Spider:2 | 31246 ||| Stepping ~*~*~tactically~*~*~ (stealth).
 31247 | Spider:2 | 31247 ||| Stepping ~*~*~tactically~*~*~ (stealth).
 31257 | Spider:2 | 31257 ||| Stepping ~*~*~tactically~*~*~ (stealth).
 31505 | Spider:2 | Reached skill level 19 in Fighting
 31535 | Spider:2 | 31535 ||| FLEEEEING.
 31536 | Spider:2 | 31536 ||| FLEEEEING.
 31631 | Spider:2 | 31631 ||| Stepping ~*~*~tactically~*~*~ (hiding).
 31810 | Spider:2 | 31810 ||| INVOKING Brothers in Arms.
 31814 | Spider:2 | 31814 ||| INVOKING Berserk.
 31917 | Spider:2 | 31917 ||| INVOKING Brothers in Arms.
 32018 | Spider:2 | 32018 ||| Stepping ~*~*~tactically~*~*~ (hiding).
 32024 | Spider:2 | 32024 ||| INVOKING Brothers in Arms.
 32025 | Spider:2 | 32025 ||| READING 6 scrolls of teleportation.
 32116 | Spider:2 | 32116 ||| Stepping ~*~*~tactically~*~*~ (hiding).
 32166 | Spider:2 | 32166 ||| Stepping ~*~*~tactically~*~*~ (stealth).
 32391 | Spider:2 | 32391 ||| Stepping ~*~*~tactically~*~*~ (hiding).
 32393 | Spider:2 | 32393 ||| INVOKING Brothers in Arms.
 32707 | Spider:3 | 32707 ||| DRINKING 12 potions of curing.
 32707 | Spider:3 | 32707 ||| (to cure confusion)
 32708 | Spider:3 | 32708 ||| INVOKING Berserk.
 32723 | Spider:3 | 32723 ||| INVOKING Brothers in Arms.
 32744 | Spider:3 | 32744 ||| FLEEEEING.
 32747 | Spider:3 | 32747 ||| INVOKING Brothers in Arms.
 32748 | Spider:3 | 32748 ||| INVOKING Brothers in Arms.
 32752 | Spider:3 | HP: 38/157 [poisoned by an emperor scorpion]
 32753 | Spider:3 | 32753 ||| READING 6 scrolls of teleportation.
 32753 | Spider:3 | HP: 14/157 [poisoned by a wolf spider]
 32753 | Spider:3 | Mangled by a pharaoh ant

Levels and vault maps discovered:
D:1:      dpeg_arrival_radiant, layout_rooms
D:2:      wad_river_or_something, layout_loops_ring, uniq_natasha
D:3:      layout_loops_ring, fedhas_altar_1, ebering_ecumenical_altar_webs,
          grunt_ministairs_4, kennysheep_cluttered_room
D:4:      minmay_chambers_of_fours, layout_basic, serial_shops,
          nicolae_shop_hallway_stairs, kennysheep_generic_room_7
D:5:      lemuel_castle_with_subvaults [lemuel_castle_interior_carwin_3],
          layout_loops_ring, nicolae_sif_muna_condensation,
          chequers_temple_overflow_statue_of_worship, portal_sewer_entry_d,
          guppyfry_early_orc_mine
D:6:      layout_loops_cross, trog_antimagical, nzn_wu_jian_council_hall,
          minmay_temple_entry_enclosed_plants, uniq_pikel
D:7:      wander_river, layout_basic, dk_rats_in_the_wall
D:8:      layout_rooms, eat_drink_and_be_merry_uskayaw, lair_entry_dummy,
          eino_tiny_chamber, minmay_small_thing, uniq_prince_ribbit1,
          uniq_maggie
D:9:      layout_irregular_city, nicolae_hepliaklqana_hippocampus,
          minmay_chambers_of_fives
D:10:     layout_roguey, kennysheep_mini_moat, minivault_16,
          minmay_rotating_lava, uniq_harold
D:11:     layout_loops_ring, minmay_orc_entry_temple_small
D:12:     layout_roguey, uniq_maurice
D:13:     layout_gridville, david_vaults_5, portal_ice_cave_entry_imps,
          serial_shops, nicolae_shop_crystal, dk_noncrumbling_4
D:14:     layout_cave_pools, minmay_misc_feat_hallway, minmay_misc_feat_chi,
          statue_in_the_mist_lemuel
D:15:     hangedman_depths_entry_try_elsewhere_first, layout_basic,
          serial_shops, nicolae_shop_behind_doors, kennysheep_doodads
Lair:1:   layout_loops_ring, uniq_gastronok
Lair:2:   layout_chaotic_city, palyth_hydra_swamp_entry,
          kennysheep_snail_temple, uniq_erica
Lair:3:   layout_chaotic_city, hellmonk_spider_entry_not_the_bees,
          gammafunk_ghost_necromancy
Lair:4:   layout_regular_city, minmay_slime_entry_eyes,
          ebering_ghost_disaster_area
Lair:5:   hangedman_lair_tendril_chambers, layout_loops_ring,
          guppyfry_lair_end_dragon, basic_altar
Spider:1: nicolae_spider_hilbert_zone_1 [nicolae_spider_hilbert_4_sides_1_open,
          nicolae_spider_hilbert_4_sides_1_open,
          nicolae_spider_hilbert_4_sides_1_open,
          nicolae_spider_hilbert_4_sides_1_open,
          nicolae_spider_hilbert_3_sides_1_open,
          nicolae_spider_hilbert_3_sides_1_open,
          nicolae_spider_hilbert_3_sides_1_open,
          nicolae_spider_hilbert_3_sides_1_open,
          nicolae_spider_hilbert_3_sides_1_open,
          nicolae_spider_hilbert_6_sides_1_open,
          nicolae_spider_hilbert_6_sides_1_open,
          nicolae_spider_hilbert_3_sides_1_open,
          nicolae_spider_hilbert_3_sides_1_open,
          nicolae_spider_hilbert_3_sides_1_open,
          nicolae_spider_hilbert_3_sides_1_open,
          nicolae_spider_hilbert_2_sides_1_open], uniq_frances
Spider:2: layout_cave_pods, drop_trap
Spider:3: layout_spider_delve, gammafunk_ghost_cemetery, nicolae_arachne_temple
Orc:1:    nicolae_orc_accident_1, layout_caves
Orc:2:    st_orc_ogre_mass, layout_caves, minmay_orc_temple_c

Skill      XL: |  1  2  3  4  5  6  7  8  9 10 11 12 13 14 15 16 |
---------------+-------------------------------------------------+-----
Axes           | 4 5 7 8 9 10 11 12 14 16 17 18 | 18.0
Armour         | 3 4 5 6 7 8 10 11 13 15 17 | 17.0
Fighting       | 4 5 6 7 8 10 11 14 15 17 19 | 19.2
Throwing       | 2 3 4 |  4.1
Shields        | 3 9 10 11 12 13 15 16 17 | 17.0
Dodging        | 3 4 5 6 8 9 10 | 10.1

Action                   |  1- 3 |  4- 6 |  7- 9 | 10-12 | 13-15 | 16-18 || total
-------------------------+-------+-------+-------+-------+-------+-------++-------
Melee: Hand axe          |    82 |    80 |   127 |       |       |       ||   289
       Headbutt          |     6 |    19 |    68 |   103 |   252 |    94 ||   542
       Punch             |     1 |       |     2 |       |       |       ||     3
       War axe           |       |       |   251 |   310 |       |       ||   561
       Morningstar       |       |       |       |    14 |     1 |       ||    15
       Broad axe         |       |       |       |    93 |  1076 |   369 ||  1538
Throw: Boomerang         |    18 |    17 |    95 |    48 |    84 |    86 ||   348
Invok: Berserk           |     2 |     5 |     9 |    26 |    22 |     9 ||    73
       Brothers in Arms  |       |       |       |     5 |     6 |     8 ||    19
       Trog's Hand       |       |       |       |       |     7 |     1 ||     8
  Use: Scroll            |     3 |     6 |    17 |     4 |     8 |     2 ||    40
       Potion            |     1 |     5 |       |     4 |     6 |     1 ||    17
 Stab: Petrified         |       |       |       |       |     8 |       ||     8
       Petrifying        |       |       |       |       |     2 |       ||     2
       Confused          |       |       |       |       |     3 |       ||     3
       Distracted        |       |       |       |       |     1 |     2 ||     3
Armor: Scale mail        |    20 |       |       |       |       |       ||    20
       Animal skin       |     2 |       |       |       |       |       ||     2
       Plate armour      |       |    54 |   180 |   168 |   390 |   183 ||   975
Dodge: Dodged            |    40 |    27 |    58 |    71 |   203 |   107 ||   506
Block: Kite shield       |       |       |   112 |   322 |   694 |   270 ||  1398
       Other             |       |       |    12 |       |       |       ||    12
       Reflection        |       |       |     4 |     7 |    35 |     7 ||    53

Table legend:
 A = Non-vault XP
 B = Vault XP
 C = Vault XP percentage of total XP
 D = Non-vault monster count
 E = Vault monster count
 F = Vault count percentage of total count
                 A         B        C        D         E       F
            +---------+---------+-------+---------+---------+-------
      Total |  131959 |   78194 |  37.2 |     608 |     308 |  33.6
            +---------+---------+-------+---------+---------+-------
        D:1 |      26 |       0 |   0.0 |      16 |       0 |   0.0
        D:2 |     104 |      73 |  41.2 |       9 |      10 |  52.6
        D:3 |      24 |      10 |  29.4 |       7 |       5 |  41.7
        D:4 |     541 |     193 |  26.3 |      31 |       7 |  18.4
        D:5 |     743 |     812 |  52.2 |      25 |      60 |  70.6
        D:6 |     523 |    1031 |  66.3 |      20 |       4 |  16.7
        D:7 |    1343 |       0 |   0.0 |      31 |       0 |   0.0
        D:8 |    1636 |     714 |  30.4 |      24 |       3 |  11.1
        D:9 |    4893 |    1144 |  18.9 |      40 |       5 |  11.1
       D:10 |    3660 |    8615 |  70.2 |      23 |      17 |  42.5
       D:11 |    2649 |     216 |   7.5 |       6 |       7 |  53.8
       D:12 |    6344 |     433 |   6.4 |      20 |       1 |   4.8
       D:13 |    5209 |    4478 |  46.2 |      13 |      18 |  58.1
       D:14 |    3892 |       0 |   0.0 |      10 |       0 |   0.0
       D:15 |   11070 |    2350 |  17.5 |      22 |       4 |  15.4
     Lair:1 |    4874 |    1398 |  22.3 |      17 |       1 |   5.6
     Lair:2 |    9233 |    5325 |  36.6 |      27 |      11 |  28.9
     Lair:3 |    7833 |     562 |   6.7 |      34 |       5 |  12.8
     Lair:4 |    6803 |     552 |   7.5 |      19 |       2 |   9.5
     Lair:5 |   16518 |   13677 |  45.3 |      52 |      51 |  49.5
   Spider:1 |   10939 |   14918 |  57.7 |      31 |      22 |  41.5
   Spider:2 |   20280 |       0 |   0.0 |      51 |       0 |   0.0
   Spider:3 |    6063 |    2201 |  26.6 |      12 |       5 |  29.4
      Orc:1 |    2457 |    1010 |  29.1 |      15 |       4 |  21.1
      Orc:2 |    4302 |   18482 |  81.1 |      53 |      66 |  55.5
            +---------+---------+-------+---------+---------+-------
